[Event "Live Chess"]
[Site "Chess.com"]
[Date "2023.05.21"]
[Round "-"]
[White "AbilifyXL"]
[Black "jimwad"]
[Result "1-0"]
[WhiteElo "1966"]
[BlackElo "1220"]
[TimeControl "300"]
[EndTime "6:57:53 PDT"]
[Termination "AbilifyXL won by resignation"]

1. d4 d5 2. c4 c6 3. Nc3 Nf6 4.
cxd5 Nxd5 5. Nf3 Nxc3 6. bxc3 Bg4 7. e4 e6 8. Be2 Be7 9. h3 Bh5 10. Bf4 Nd7 11. O-O O-O 12. Qc2 Bg6 13. Bd3 b6 14. Rfe1 c5 15. d5 exd5 16. exd5 Bxd3 17. Qxd3 Nf6 18.
c4 Bd6 19. Bg5 Be7 20. Rad1 Qd6 21. Qd2 Rae8 22. Bf4 Qd7 23. Ne5 Qa4 24. Nc6 Qxc4 25. Nxe7+ Kh8 26. d6 Rd8 27. Nc6 Rd7 28. Ne5 Qb5 29.
Nxd7 Nxd7 30. Re7 Qc6 31. Qd5 Qxd5 32. Rxd5 Kg8 33. Rxd7 1-0

[Event "Live Chess"]
[Site "Chess.com"]
[Date "2023.05.21"]
[Round "-"]
[White "garyjc"]
[Black "onemoretime1975"]
[Result "0-1"]
[WhiteElo "1035"]
[BlackElo "1855"]
[TimeControl "300"]
[EndTime "6:57:54 PDT"]
[Termination "onemoretime1975 won by resignation"]

1. e4 e6 2. d4 d5 3. Nc3 Nf6 4. f3 Bb4 5. a3 Bxc3+ 6. bxc3 dxe4 7. fxe4 Nxe4 8. Bb2 Qh4+ 9. g3 Nxg3 10. hxg3 Qxh1 11.
Nf3 O-O 12. Qd2 Qxf3 13. Be2 Qxg3+ 14. Kd1 Qg1+ 0-1

[Event "Live Chess"]
[Site "Chess.com"]
[Date "2023.05.21"]
[Round "-"]
[White "Ferrarifan27"]
[Black "grillage"]
[Result "0-1"]
[WhiteElo "2057"]
[BlackElo "1782"]
[TimeControl "300"]
[EndTime "6:57:55 PDT"]
[Termination "grillage won on time"]

1. e4 d5 2. exd5 Qxd5 3. Nc3 Qd8 4. d4 Nf6 5. Nf3 Bg4 6. Be2 c6 7. O-O e6 8. h3 Bxf3 9. Bxf3 Nbd7 10. Re1 Be7 11.
Bf4 O-O 12. Qe2 Nd5 13. Bg3 Nxc3 14. bxc3 Nf6 15. Rab1 Qd7 16. Be5 Nd5 17. c4 Nc3 18. Qe3 Nxb1 19. Rxb1 Bd6 20. Bxd6 Qxd6 21. Rxb7 Rfd8 22. c3 Qa3 23. Qf4 Rf8 24. Bxc6 Qxc3 25. c5 Rad8 26. Rxa7 Rxd4 27. Qf3 Qxc5 28. Rc7 Qd6 29.
Rd7 Qe5 30. Rb7 f6 31. a4 Rfd8 32. Rb1 Rd3 33. Qg4 h5 34. Qc4 Rd1+ 35. Qf1 Rxf1+ 36.
Rxf1 Qc5 37. Bb5 Rd2 38. g3 h4 39. gxh4 Qd4 40. Kg2 Qxh4 41. a5 Qg5+ 0-1

[Event "Live Chess"]
[Site "Chess.com"]
[Date "2023.05.21"]
[Round "-"]
[White "TheSmoulderingMaster"]
[Black "FailsGambits"]
[Result "1-0"]
[WhiteElo "1663"]
[BlackElo "1328"]
[TimeControl "300"]
[EndTime "6:57:55 PDT"]
[Termination "TheSmoulderingMaster won by checkmate"]

1. e4 e5 2. Nf3 Nc6 3. Bb5 a6 4.
Ba4 Nf6 5. O-O Bc5 6. c3 O-O 7. d4 exd4 8. cxd4 Ba7 9. Bg5 h6 10. Bh4 g5 11. Nxg5 hxg5 12. Bxg5 Bxd4 13. Bxc6 Bxb2 14. Bd5 c6 15. Bb3 Bxa1 16. Nd2 Be5 17. f4 Bd4+ 18. Kh1 Re8 19. e5 d5 20. Bxf6 Qc7 21. Qh5 Re6 22. Qh8# 1-0

[Event "Live Chess"]
[Site "Chess.com"]
[Date "2023.05.21"]
[Round "-"]
[White "AMCWAML"]
[Black "JoRoSaR"]
[Result "1-0"]
[WhiteElo "2269"]
[BlackElo "1681"]
[TimeControl "300"]
[EndTime "6:57:55 PDT"]
[Termination "AMCWAML won by resignation"]

1. e4 c5 2. Nf3 Nc6 3. d4 cxd4 4. Nxd4 e5 5. Nb5 d6 6. N1c3 a6 7. Na3 b5 8. Nd5 Nce7 9. Ne3 Nf6 10. Bd3 Bb7 11. f3 Ng6 12. c4 bxc4 13. Naxc4 Be7 14.
Qa4+ Qd7 15. Qxd7+ Nxd7 16. Bd2 Nf4 17. Bf1 O-O 18.
g3 Ne6 19. Bh3 Rac8 20. O-O Rfd8 21. Na5 Ba8 22. Rfc1 Nec5 23. b4 Nd3 24. Rxc8 Rxc8 25. Bxd7 Rc7 26. Ba4 1-0

[Event "Live Chess"]
[Site "Chess.com"]
[Date "2023.05.21"]
[Round "-"]
[White "EdenHazard8"]
[Black "mliszewski"]
[Result "0-1"]
[WhiteElo "1965"]
[BlackElo "1837"]
[TimeControl "300"]
[EndTime "6:58:03 PDT"]
[Termination "mliszewski won by resignation"]

1. e4 c6 2. d4 d5 3. exd5 cxd5 4. Bd3 Nc6 5. c3 g6 6. Nf3 Bg7 7. O-O Nh6 8. Be3 f6 9. h3 Nf7 10. Qd2 O-O 11. Na3 e5 12. dxe5 fxe5 13. Be2 e4 14. Nd4 Qh4 15. Nac2 Be5 16. Nxc6 bxc6 17. Bd4 Bxh3 18.
Bxe5 Nxe5 19. gxh3 Qxh3 20. Qg5 Rf3 21. Nd4 Ng4 0-1

[Event "Live Chess"]
[Site "Chess.com"]
[Date "2023.05.21"]
[Round "-"]
[White "atunnacl"]
[Black "chessfiction"]
[Result "0-1"]
[WhiteElo "1725"]
[BlackElo "2305"]
[TimeControl "300"]
[EndTime "6:58:04 PDT"]
[Termination "chessfiction won by checkmate"]

1. e4 d6 2. d4 Nf6 3. Nc3 c6 4. Bd3 Qa5 5. Bd2 e5 6. dxe5 dxe5 7. h3 Be6 8. a3 Nbd7 9. b4 Qc7 10. Nf3 Nh5 11.
O-O O-O-O 12. b5 Nc5 13. Qe2 Be7 14. bxc6 Qxc6 15. a4 g5 16. Nxe5 Qc7 17. Nc4 Nf4 18. Bxf4 gxf4 19. a5 Rhg8 20. Kh1 Bf6 21. Nb5 Qb8 22.
Rab1 Rg5 23. Nba3 Rdg8 24. f3 Rg3 25. e5 Bxh3 26. gxh3 Rxh3+ 27. Qh2 Rxh2+ 28. Kxh2 Bxe5 29. Bf5+ Ne6 30. Be4 Nc5 31. Nxe5 Qxe5 32. a6 Qh5# 0-1

[Event "Live Chess"]
[Site "Chess.com"]
[Date "2023.05.21"]
[Round "-"]
[White "JanMur7"]
[Black "LanceMaster23"]
[Result "0-1"]
[WhiteElo "1967"]
[BlackElo "1957"]
[TimeControl "300"]
[EndTime "6:58:05 PDT"]
[Termination "LanceMaster23 won by checkmate"]

1. e4 c5 2. Nf3 Nc6 3. c3 d5 4. exd5 Qxd5 5. d4 cxd4 6. cxd4 e6 7. Nc3 Qd8 8. d5 exd5 9. Qxd5 Qxd5 10. Nxd5 Bd6 11.
Bb5 Ne7 12. Nxe7 Bxe7 13. O-O O-O 14. Be3 Bf6 15. Rab1 Bf5 16. Rbd1 Bxb2 17. Bxc6 bxc6 18.
Nd4 Be4 19. Nb3 a5 20. Bd4 Bxd4 21. Rxd4 Bd5 22. Ra4 g6 23. h3 Rfb8 24. Rc1 Bxb3 25. axb3 Ra6 26. Rc5 Rb5 27. Rxb5 cxb5 28. Ra3 f5 29. g3 Kf7 30. Kg2 Ke6 31. Kf3 g5 32.
Ke3 Kd5 33. Kd3 Kc5 34. Ra1 Kb4 35. Rb1 Rc6 36. Re1 Rc3+ 37. Kd2 Rxb3 38. Re5 Rf3 39. Ke2 g4 40. hxg4 fxg4 41. Re4+ Kc3 42. Rxg4 Rd3 43. Rg5 Rd2+ 44. Ke3 Rb2 45. Rc5+ Kb4 46. Rh5 a4 47. Rh4+ Kb3 48. Rh5 b4 49. Rxh7 a3 50.
Ra7 a2 51. f4 Rb1 52. f5 a1=Q 53. Rxa1 Rxa1 54. g4 Rg1 55. g5 Rxg5 56. Kf4 Rxf5+ 57.
Kxf5 Kc3 58. Ke4 b3 59. Kd5 b2 60. Kc5 b1=Q 61. Kd5 Qb4 62. Ke5 Qc4 63. Kf6 Qd4+ 64. Ke6 Kc4 65. Ke7 Qd5 66. Kf6 Kc5 67. Kg6 Qe5 68. Kh6 Kd6 69. Kg6 Ke6 70. Kh7 Qg3 71. Kh6 Kf7 72. Kh7 Qg7# 0-1

[Event "Live Chess"]
[Site "Chess.com"]
[Date "2023.05.21"]
[Round "-"]
[White "luckywookie"]
[Black "wot-not"]
[Result "0-1"]
[WhiteElo "821"]
[BlackElo "1542"]
[TimeControl "300"]
[EndTime "6:58:14 PDT"]
[Termination "wot-not won by checkmate"]

1. e4 d5 2. exd5 Nf6 3. Nc3 Nxd5 4. Nxd5 Qxd5 5. Nf3 Bg4 6. Be2 e5 7. c4 Qc6 8. d3 Bc5 9. Nxe5 Qxg2 10. Rf1 Bxe2 11. Qxe2 O-O 12. Be3 Bb4+ 13. Bd2 Nc6 14. O-O-O Bxd2+ 15.
Qxd2 Nxe5 16. Rg1 Qxh2 17. Rh1 Qg2 18. Rdg1 Qc6 19. Rxg7+ Kxg7 20. Qg5+ Ng6 21. Qh6+ Kf6 22. f4 Qc5 23. Rh5 Qe3+ 24. Kc2 Qxf4 25. Qxf4+ Nxf4 26. Rxh7 Rad8 27. Rh4 Nxd3 28. Rh6+ Kg7 29. Rh1 f5 30. Rg1+ Kf6 31. Rf1 f4 32. Rf3 Kf5 33.
Kc3 Ne5 34. Rh3 Rd3+ 35. Rxd3 Nxd3 36. Kxd3 Re8 37. b4 f3 38. a4 f2 39. c5 f1=Q+ 40. Kc3 Re4 41. b5 Qc4+ 42. Kb2 Re2+ 43. Kb1 Qc2+ 44. Ka1 Qb2# 0-1

[Event "Live Chess"]
[Site "Chess.com"]
[Date "2023.05.21"]
[Round "-"]
[White "Tushinskiy"]
[Black "YrrriKharkiv"]
[Result "1-0"]
[WhiteElo "2221"]
[BlackElo "2069"]
[TimeControl "300"]
[EndTime "6:58:18 PDT"]
[Termination "Tushinskiy won by resignation"]

1. d4 Nf6 2. c3 c5 3. Nf3 e6 4.
Bf4 Qb6 5. Qc1 d6 6. e3 Bd7 7.
Bd3 Nc6 8. Nbd2 d5 9. O-O Rc8 10. Re1 Be7 11. Bg3 O-O 12. Qb1 g6 13. Ne5 Qd8 14. f4 c4 15. Bc2 Ne8 16. Ndf3 Ng7 17. e4 dxe4 18. Bxe4 Nf5 19. Bxf5 exf5 20. h4 Be6 21. h5 Bf6 22. hxg6 hxg6 23. Nxg6 Re8 24. Ngh4 Qd7 25. Qc2 Kg7 26. Rad1 Ne7 27. Ne5 Qd5 28.
Re3 Rh8 29. Nhf3 Rh6 30. Rde1 Ng6 31. Ng5 Bxg5 32. fxg5 Rh5 33. Nxg6 Kxg6 34. Bf4 Rch8 35. Kf2 Rh4 36. Bg3 Rg4 37. Re5 Qd7 38. Qe2 Rxg5 39.
d5 Bxd5 40. Rd1 Rxg3 41. Rdxd5 Rxg2+ 42. Kxg2 Qc6 43. Qf3 Qf6 44. Rxf5 1-0

[Event "Live Chess"]
[Site "Chess.com"]
[Date "2023.05.21"]
[Round "-"]
[White "LiamClery2020"]
[Black "Ocelot32"]
[Result "1-0"]
[WhiteElo "1955"]
[BlackElo "1393"]
[TimeControl "300"]
[EndTime "6:58:19 PDT"]
[Termination "LiamClery2020 won by resignation"]

1. e4 e6 2. d4 d5 3. Nd2 dxe4 4. Nxe4 Nd7 5. Nf3 Ngf6 6. Nxf6+ Nxf6 7. Bd3 c5 8. c3 cxd4 9. Nxd4 Bd6 10. Qf3 O-O 11.
Bg5 Be7 12. O-O h6 13. Bh4 Qc7 14. Bg3 Qd7 15. Rad1 Nd5 16. Bb5 Qd8 17. c4 Nf6 18.
Nxe6 Qa5 19. Nxf8 1-0

[Event "Live Chess"]
[Site "Chess.com"]
[Date "2023.05.21"]
[Round "-"]
[White "Leonid_Starozhilov"]
[Black "hturner40"]
[Result "1-0"]
[WhiteElo "2623"]
[BlackElo "1769"]
[TimeControl "300"]
[EndTime "6:58:32 PDT"]
[Termination "Leonid_Starozhilov won by resignation"]

1. e4 Nc6 2. Bb5 e6 3. Nf3 Nge7 4. O-O d5 5. Nc3 a6 6. Bxc6+ Nxc6 7. exd5 exd5 8. d4 Be7 9. Re1 O-O 10. h3 Bf6 11. Bf4 Bf5 12. Ne5 Bxe5 13. Bxe5 Nxe5 14. Rxe5 Be6 15. Qf3 c6 16. Qe3 Re8 17. Re1 Bd7 18. a3 Rxe5 19. Qxe5 Qe8 20. Qxe8+ Rxe8 21. Rxe8+ Bxe8 22.
Na4 Bd7 23. Nb6 Bf5 24. c3 h5 25. h4 Kf8 26. f3 Ke7 27. Kf2 Kd6 28. Na4 Bc2 29. Nc5 Kc7 30. Ke3 a5 31. b4 b6 32. Nd3 Bxd3 33. Kxd3 axb4 34. cxb4 b5 35. g4 g6 36. gxh5 gxh5 37. Ke3 f6 38. Kf4 Kd7 39. Kf5 Ke7 40. Kg6 Ke6 41. f4 f5 42. Kg5 1-0

[Event "Live Chess"]
[Site "Chess.com"]
[Date "2023.05.21"]
[Round "-"]
[White "DRS44"]
[Black "HonestJoe1"]
[Result "0-1"]
[WhiteElo "1322"]
[BlackElo "2089"]
[TimeControl "300"]
[EndTime "6:58:34 PDT"]
[Termination "HonestJoe1 won on time"]

1. e4 c5 2. a3 g6 3. b4 Bg7 4. c3 cxb4 5. axb4 d5 6. exd5 Qxd5 7.
Qf3 Nf6 8. Na3 Nc6 9. Bc4 Qe5+ 10. Ne2 Bg4 11. Qe3 O-O 12. O-O a6 13. Qxe5 Nxe5 14. f3 Bf5 15. g4 Bd3 0-1

[Event "Live Chess"]
[Site "Chess.com"]
[Date "2023.05.21"]
[Round "-"]
[White "Tiltador"]
[Black "ProfPoisson"]
[Result "0-1"]
[WhiteElo "837"]
[BlackElo "1220"]
[TimeControl "300"]
[EndTime "6:58:45 PDT"]
[Termination "ProfPoisson won on time"]

1. e4 e5 2. Nf3 Nf6 3. Nxe5 Nxe4 4. Nf3 Qe7 5. Be2 d5 6. O-O Nc6 7. d3 Nf6 8. Nc3 Bd7 9. a3 O-O-O 10. b4 h5 11. Bg5 g6 12. Nxd5 Qd6 13. Nxf6 Be7 14. Ne4 Qe6 15. Bxe7 Nxe7 16. Nc5 Qd6 17. Nxd7 Rxd7 18.
c4 h4 19. h3 f6 20. c5 Qd5 21. Nd2 g5 22. Nc4 f5 23. Bf3 Qd4 24. a4 Kb8 25. Rc1 g4 26. hxg4 fxg4 27. Bxg4 Rd5 28. Bh3 Ng6 29. Qf3 Nf4 30. Rcd1 Rg8 31. a5 Rdg5 32. g4 Nxh3+ 33. Qxh3 Rxg4+ 34. Kh2 Qf4+ 35.
Kh1 Qd4 36. f3 Rg3 37. Qh2 Qe3 38. Rde1 Rg2 0-1

[Event "Live Chess"]
[Site "Chess.com"]
[Date "2023.05.21"]
[Round "-"]
[White "AttackingSnowLeopard"]
[Black "HadesLearmonth"]
[Result "1-0"]
[WhiteElo "2169"]
[BlackElo "1208"]
[TimeControl "300"]
[EndTime "6:58:51 PDT"]
[Termination "AttackingSnowLeopard won by checkmate"]

1. e4 e5 2. Nf3 Nc6 3. Bb5 Nf6 4.
d3 Bc5 5. c3 O-O 6. O-O d5 7.
Nbd2 d4 8. Nc4 Ng4 9. h3 Nf6 10. Bxc6 bxc6 11. Nfxe5 Bd6 12. Nxc6 Qd7 13. Nxd4 c5 14.
Nf5 Be7 15. Nxe7+ Qxe7 16. Bg5 Qe6 17. f4 Bb7 18. Qf3 Rad8 19. Ne5 Qb6 20. Bxf6 Qxf6 21. Rad1 Ba6 22. Rfe1 Rd6 23. Ng4 Qd8 24. c4 Qa5 25. f5 Qxa2 26. f6 Qxb2 27. fxg7 Qxg7 28. e5 Rb6 29. Nf6+ Kh8 30. Rd2 Rd8 31. Nd5 Rh6 32. Rf2 Rf8 33. Nf6 Bc8 34. Kf1 Rd8 35.
Rb1 Be6 36. Rb7 a5 37. Ng4 Bxg4 38. Qxg4 Rg6 39. Qf5 h5 40. Rxf7 Qh6 41. Rf8+ Rg8 42. Rxd8 Rxd8 43. Qf6+ Qxf6 44. exf6 Rxd3 45. f7 Rd1+ 46.
Ke2 Rd8 47. f8=Q+ Rxf8 48. Rxf8+ Kg7 49. Ra8 h4 50. Rxa5 Kf6 51. Rxc5 Ke6 52. Rh5 Kd6 53. Rxh4 Kc5 54. Rg4 Kb4 55. h4 Kb3 56. h5 Kb2 57. h6 Kc1 58. h7 Kb1 59. h8=Q Kc1 60. Qc3+ Kb1 61. c5 Ka2 62. Ra4+ Kb1 63. Ra1# 1-0

[Event "Live Chess"]
[Site "Chess.com"]
[Date "2023.05.21"]
[Round "-"]
[White "seabuck"]
[Black "Delacorta"]
[Result "1-0"]
[WhiteElo "1879"]
[BlackElo "1384"]
[TimeControl "300"]
[EndTime "6:59:19 PDT"]
[Termination "seabuck won by resignation"]

1. Nf3 e6 2. c4 f5 3. Nc3 Nf6 4. g3 c6 5. Bg2 Be7 6. d4 d5 7. O-O O-O 8. cxd5 exd5 9. Qc2 Ne4 10.
Bf4 Nd7 11. Ne5 Nxe5 12. Bxe5 Bf6 13. Bxf6 Qxf6 14. e3 Bd7 15. b4 a6 16. a4 Qh6 17.
f4 Nf6 18. Bf3 Ne4 19. Rab1 Be8 20. b5 axb5 21. axb5 Nxc3 22. Qxc3 Ra2 23. Rb2 Rxb2 24. Qxb2 cxb5 25. Bxd5+ Kh8 26. Bxb7 Bh5 27. Bg2 Rb8 28. Qb4 Qa6 29. Rc1 h6 30. Qc5 Bg6 31. Qc7 Re8 32. Qc6 Qa4 33. Qxg6 b4 1-0

[Event "Live Chess"]
[Site "Chess.com"]
[Date "2023.05.21"]
[Round "-"]
[White "jumush"]
[Black "JackCheetham1"]
[Result "1-0"]
[WhiteElo "1724"]
[BlackElo "1706"]
[TimeControl "300"]
[EndTime "6:59:26 PDT"]
[Termination "jumush won by checkmate"]

1. e4 c5 2. Nc3 e6 3. Nf3 d5 4. e5 Ne7 5. Bb5+ Bd7 6. Bxd7+ Nxd7 7. O-O Ng6 8. Re1 Be7 9. d4 a6 10. Ne2 O-O 11. c3 h6 12. Nf4 b5 13. Nxg6 fxg6 14.
Be3 g5 15. dxc5 Bxc5 16. Bxc5 Nxc5 17. Qd4 Ne4 18. Rad1 Qe8 19. Re2 Rf4 20. Qe3 Qg6 21. Nd2 Nxd2 22. Rexd2 Re4 23. Qd3 Qf5 24. Re2 Rf8 25.
f3 Rxe2 26. Qxe2 Rc8 27. a3 Rc4 28. Rd4 Qb1+ 29. Kf2 Kh8 30. Rxc4 bxc4 31. Qd2 Qf5 32. Qe2 g4 33. Kg3 h5 34. f4 g5 35. fxg5 Qxg5 36.
h4 gxh3+ 37. Kxh3 h4 38. Qf2 Qxe5 39. Qxh4+ Kg7 40. Qe7+ Kg6 41. Qe8+ Kf5 42. Qf7+ Ke4 43. Qf3# 1-0

[Event "Live Chess"]
[Site "Chess.com"]
[Date "2023.05.21"]
[Round "-"]
[White "ameetghasi100"]
[Black "smoggyrabbit"]
[Result "1-0"]
[WhiteElo "2583"]
[BlackElo "1628"]
[TimeControl "300"]
[EndTime "6:59:33 PDT"]
[Termination "ameetghasi100 won by resignation"]

1. d4 e6 2. Nc3 Nf6 3. e4 d5 4.
e5 Nfd7 5. f4 c5 6. Nf3 Nc6 7. Be3 Be7 8. Bd3 O-O 9. h4 b6 10.
Bxh7+ Kh8 11. Ng5 g6 12. Nxe6 fxe6 13. Bxg6 Bxh4+ 14. g3 Qe7 15. Rxh4+ Kg8 16. Qh5 1-0

[Event "Live Chess"]
[Site "Chess.com"]
[Date "2023.05.21"]
[Round "-"]
[White "jimwad"]
[Black "TheSmoulderingMaster"]
[Result "0-1"]
[WhiteElo "1219"]
[BlackElo "1664"]
[TimeControl "300"]
[EndTime "6:59:39 PDT"]
[Termination "TheSmoulderingMaster won by resignation"]

1. c4 e5 2. g3 Nf6 3. Bg2 Nc6 4.
Nc3 Bb4 5. e3 O-O 6. Nge2 d6 7.
O-O Bg4 8. Qc2 Qd7 9. d4 exd4 10. Nxd4 Nxd4 11. exd4 Bh3 12. Bxh3 Qxh3 13. Ne2 Ng4 0-1

[Event "Live Chess"]
[Site "Chess.com"]
[Date "2023.05.21"]
[Round "-"]
[White "Long1968"]
[Black "shohrehbayat"]
[Result "0-1"]
[WhiteElo "958"]
[BlackElo "2043"]
[TimeControl "300"]
[EndTime "6:59:53 PDT"]
[Termination "shohrehbayat won on time"]

1. e4 e5 2. f4 d5 3. exd5 exf4 4. Bb5+ Bd7 5. Qe2+ Qe7 6. Nc3 Nf6 7.
d4 Bxb5 8. Nxb5 Nxd5 9. Qxe7+ Bxe7 10. c4 Bb4+ 11. Bd2 Bxd2+ 12. Kxd2 a6 13. Nc3 Nxc3 14.
Re1+ Kd7 15. Kxc3 Nc6 16. Nf3 Rae8 17. d5 Rxe1 18. Rxe1 Ne7 19. Ng5 Rf8 20. Rf1 h6 21. Ne4 Ng6 22. Nc5+ Kd6 23. b4 b6 24. Ne4+ Kd7 25. Re1 Re8 0-1

[Event "Live Chess"]
[Site "Chess.com"]
[Date "2023.05.21"]
[Round "-"]
[White "viktorskliarov"]
[Black "Alfiedog12"]
[Result "1-0"]
[WhiteElo "2651"]
[BlackElo "891"]
[TimeControl "300"]
[EndTime "7:00:02 PDT"]
[Termination "viktorskliarov won by resignation"]

1. e4 c6 2. d4 d5 3. e5 Bf5 4.
Nf3 e6 5. Be2 Nd7 6. O-O Qb6 7.
Nbd2 c5 8. c3 c4 9. Nh4 Bg6 10.
Nxg6 hxg6 11. b3 Be7 12. bxc4 dxc4 13. Nxc4 Qa6 14. Nd6+ Bxd6 15. Bxa6 bxa6 16. exd6 1-0

[Event "Live Chess"]
[Site "Chess.com"]
[Date "2023.05.21"]
[Round "-"]
[White "MJMykh"]
[Black "WilliWeisswurst"]
[Result "1/2-1/2"]
[WhiteElo "1173"]
[BlackElo "1763"]
[TimeControl "300"]
[EndTime "7:00:28 PDT"]
[Termination "Game drawn by repetition"]

1. e4 c5 2. Nf3 d6 3. Nc3 Nf6 4.
Bc4 a6 5. Ng5 e6 6. Nf3 b5 7.
Bd3 c4 8. Be2 Bb7 9. d3 Be7 10.
O-O O-O 11. h3 h6 12. dxc4 bxc4 13. Bxc4 Nxe4 14. Nxe4 Bxe4 15. Bd3 Bb7 16. Qe2 Nc6 17. Be4 Rb8 18. Bxc6 Bxc6 19. Nd4 Bb5 20. Nxb5 axb5 21. c3 Bf6 22. Bf4 Qb6 23. Qd3 Rbd8 24. Qe3 Qb7 25.
Rad1 d5 26. Be5 Bxe5 27. Qxe5 Qa6 28. a3 Rc8 29. Rd3 Rc4 30. Rg3 g6 31. Qh5 Kh7 32. Qe5 Re4 33. Qf6 Qd6 34. Qf3 Rf4 35. Qe3 Re4 36. Qf3 Rc4 37. Qd3 f5 38. Qf3 Rf4 39. Qe3 Re4 40. Qf3 Rc8 41. Qd3 Rcc4 42. Re3 Rxe3 43.
Qxe3 Re4 44. Qf3 Qc5 45. Qd3 Qb6 46. Kh2 Qa5 47. f3 Rc4 48. Kg3 Qc7+ 49. Kf2 Qf4 50. Kg1 Qg3 51. Qe2 Rh4 52. Qxe6 Rxh3 53. Qe7+ Kh8 54.
Qe8+ Kh7 55. Qe7+ Kh8 56. Qf8+ Kh7 57. Qf7+ Kh8 58. Qf6+ Kh7 59. Qe7+ 1/2-1/2

[Event "Live Chess"]
[Site "Chess.com"]
[Date "2023.05.21"]
[Round "-"]
[White "MartinWalker4"]
[Black "Hacker_2009"]
[Result "1/2-1/2"]
[WhiteElo "2063"]
[BlackElo "1936"]
[TimeControl "300"]
[EndTime "7:00:31 PDT"]
[Termination "Game drawn by agreement"]

1. e4 c5 2. Nf3 d6 3. Bb5+ Bd7 4.
Bxd7+ Qxd7 5. O-O Nf6 6. Re1 e6 7. c3 Nc6 8. d4 cxd4 9. cxd4 Be7 10. Nc3 O-O 11. e5 dxe5 12. dxe5 Qxd1 13. Rxd1 Ng4 14.
Bf4 Bc5 15. Ne4 Bb6 16. h3 Nh6 17. Rd7 Rab8 18. Nd6 Nf5 19. Nxf5 exf5 20. e6 Rbc8 21. e7 Rfe8 22. Bd6 Nd4 23. Nxd4 Bxd4 24. Rxb7 Rc2 25. Rf1 f6 26. Rd7 Kf7 27. Rd8 Bb6 28. Rxe8 Kxe8 29. Ba3 Bc5 30. Bxc5 Rxc5 31. Rb1 Kxe7 32.
b4 Rb5 33. a4 Rb7 34. b5 Kd6 35. Kf1 Kc5 36. Ke2 Kb6 37. Rb4 Ka5 38. Rf4 g6 39. g4 fxg4 40. hxg4 Rf7 41. Kd3 f5 42. f3 Rd7+ 43. Kc3 fxg4 44. fxg4 a6 45. bxa6 Kxa6 46. Kb4 Rd6 47. Kc5 Re6 48. Kd5 Re1 49. Rf7 h5 50. gxh5 gxh5 51. Rh7 Rh1 52. Ke4 1/2-1/2

[Event "Live Chess"]
[Site "Chess.com"]
[Date "2023.05.21"]
[Round "-"]
[White "SupremeTactician"]
[Black "friarnator"]
[Result "1-0"]
[WhiteElo "2214"]
[BlackElo "2038"]
[TimeControl "300"]
[EndTime "7:00:40 PDT"]
[Termination "SupremeTactician won by resignation"]

1. e4 c5 2. Nf3 d6 3. d4 cxd4 4.
Nxd4 Nf6 5. f3 e5 6. Nb3 d5 7. Bg5 Be6 8. Bxf6 gxf6 9. exd5 Qxd5 10. Qxd5 Bxd5 11. c4 Be6 12. Nc3 Bb4 13. O-O-O Bxc3 14. bxc3 Nc6 15. Nc5 b6 16. Nxe6 fxe6 17. Rd6 Nd8 18. Be2 O-O 19. Rhd1 Re8 20. Rd7 Nc6 21. R1d6 Rad8 22.
Rxd8 Nxd8 23. Rd7 Nc6 24. Rc7 Ne7 25. Rxa7 Nf5 26. Bd3 Ne3 27. Bxh7+ Kf8 28. Bg6 Rc8 29. Rf7+ Kg8 30. Rxf6 Nxg2 31. Rxe6 Nf4 32. Rxb6 Rxc4 33. Kd2 Ra4 34. Bb1 Kf7 35. Rb7+ Ke6 36. Ke3 Nd5+ 37. Kd2 Nf4 38. Rb6+ Kd5 39. Be4+ Kc5 40. Rc6+ Kb5 41.
Rh6 Rxa2+ 42. Ke1 Ng2+ 43. Kf1 Ne3+ 44. Kg1 Rg2+ 45. Kh1 Rd2 46. h4 Rd1+ 47. Kh2 Rd2+ 48.
Kh3 Kc4 49. Rc6+ Kb5 50. h5 Rh2+ 51. Kxh2 1-0

[Event "Live Chess"]
[Site "Chess.com"]
[Date "2023.05.21"]
[Round "-"]
[White "NatashaRegan"]
[Black "Chesscoach_Golichenko"]
[Result "0-1"]
[WhiteElo "1708"]
[BlackElo "2623"]
[TimeControl "300"]
[EndTime "7:00:42 PDT"]
[Termination "Chesscoach_Golichenko won by checkmate"]

1. e4 Nf6 2. e5 Nd5 3. d4 d6 4. c4 Nb6 5. f4 dxe5 6. fxe5 Bf5 7. Nc3 e6 8. Nf3 Bb4 9. Bd2 c5 10. d5 exd5 11. Nxd5 Nxd5 12. cxd5 Qxd5 13. Bb5+ Nc6 14. Bxb4 Qe4+ 15. Qe2 Qxb4+ 16. Nd2 O-O 17. O-O Nd4 18. Qf2 Qxb2 19. Bc4 Be6 20. Bxe6 fxe6 21. Qe3 Nc2 22. Qh3 Nxa1 23. Qxe6+ Kh8 24. Nf3 Nc2 25. Qh3 Ne3 26. Re1 Qc3 27. Re2 Rae8 28. Ng5 Rf1# 0-1

[Event "Live Chess"]
[Site "Chess.com"]
[Date "2023.05.21"]
[Round "-"]
[White "lord_cll"]
[Black "LL220284LL"]
[Result "0-1"]
[WhiteElo "1209"]
[BlackElo "2282"]
[TimeControl "300"]
[EndTime "7:00:43 PDT"]
[Termination "LL220284LL won by resignation"]

1. e4 d5 2. exd5 Qxd5 3. Nc3 Qa5 4. Bc4 Nf6 5. d3 Bf5 6. Nf3 e6 7. Bd2 c6 8. Qe2 Qc7 9. O-O-O Bd6 10. Rhe1 Nbd7 11.
Nd4 O-O 12. Bxe6 Bxe6 13. Nxe6 fxe6 14. Qxe6+ Kh8 15. g3 Rae8 16. Qh3 Ne5 17. Bf4 Nf3 18. Bxd6 Qxd6 19. Re3 Qd4 20. Rde1 Nxe1 0-1

[Event "Live Chess"]
[Site "Chess.com"]
[Date "2023.05.21"]
[Round "-"]
[White "WelshTiger"]
[Black "Mugzwang"]
[Result "1-0"]
[WhiteElo "2328"]
[BlackElo "1477"]
[TimeControl "300"]
[EndTime "7:00:46 PDT"]
[Termination "WelshTiger won by checkmate"]

1. e4 c5 2. Nf3 Nc6 3. Bb5 Nf6 4. d3 g6 5. Bxc6 dxc6 6. h3 Bg7 7. Nc3 O-O 8. Be3 b6 9. Qd2 Be6 10. Bh6 c4 11. d4 b5 12. e5 Nd5 13. Ne4 Bf5 14. Ng3 c3 15. bxc3 Nxc3 16. Bxg7 Kxg7 17.
Nxf5+ gxf5 18. Qxc3 Qd5 19. O-O Rg8 20. Qe3 Kf8 21. a4 b4 22. Kh2 a5 23. Rae1 e6 24.
g3 Ke7 25. Qb3 Qd8 26. c4 Qf8 27. Rd1 Qg7 28. d5 cxd5 29. cxd5 f4 30. g4 Rac8 31. Rc1 Qh6 32. Rxc8 Rxc8 33. dxe6 Rc3 34. Qd5 fxe6 35. Qd6+ Kf7 36. Qd7+ Kg6 37. Qxe6+ Kg7 38. Qe7+ Kg6 39. Rd1 Rxf3 40. Rd6# 1-0

[Event "Live Chess"]
[Site "Chess.com"]
[Date "2023.05.21"]
[Round "-"]
[White "OleksiyJr1"]
[Black "zdanevych"]
[Result "0-1"]
[WhiteElo "1026"]
[BlackElo "1493"]
[TimeControl "300"]
[EndTime "7:00:46 PDT"]
[Termination "zdanevych won by resignation"]

1. e4 c5 2. Nf3 e6 3. d4 cxd4 4. Qxd4 Nc6 5. Qe3 e5 6. Nc3 a6 7. Bd2 h6 8. O-O-O Bb4 9. a3 Ba5 10. Kb1 Nf6 11. Bd3 d6 12. Rhe1 Be6 13. Ne2 O-O 14.
Bxa5 Nxa5 0-1

[Event "Live Chess"]
[Site "Chess.com"]
[Date "2023.05.21"]
[Round "-"]
[White "matt1979"]
[Black "Conradical12"]
[Result "1-0"]
[WhiteElo "1553"]
[BlackElo "1558"]
[TimeControl "300"]
[EndTime "7:00:47 PDT"]
[Termination "matt1979 won by resignation"]

1. f4 e5 2. fxe5 Nc6 3. Nf3 Be7 4. d4 f6 5. c3 d6 6. e3 Nh6 7. exd6 Bxd6 8. Bb5 O-O 9. Bxc6 bxc6 10. O-O Ng4 11.
h3 f5 12. hxg4 fxg4 13. Ne5 Bxe5 14. Rxf8+ Kxf8 15. Qf1+ Bf6 16. e4 Kg8 17. e5 Bg5 18.
Nd2 Bxd2 19. Bxd2 Qh4 20. Qf4 Be6 21. Rf1 h6 22. b3 Qe7 23. c4 Rf8 24. Qg3 Rxf1+ 25.
Kxf1 Qd8 26. Bc3 c5 27. d5 Bf5 28. Qf4 Qf8 29. Kf2 g5 30. Qe3 Bd3+ 31. Ke1 Qf1+ 32. Kd2 Bf5 33. e6 Qxg2+ 34. Qe2 Qxe2+ 35. Kxe2 h5 36. Be5 Kf8 37. Bxc7 Ke8 38. Bd6 h4 39. Bxc5 h3 40.
Kf2 Bb1 41. a3 Ba2 42. d6 Bxb3 43. d7+ Kd8 44. Bxa7 Kc7 45. Bb6+ Kxb6 46. d8=Q+ 1-0